 Dungeon Crawl Stone Soup version 0.20.1-1-g8b1a95d (webtiles) character file.

113197 HammerPanzer the Minotaur Blade (level 16, -4/160 HPs)
             Began as a Minotaur Berserker on Nov 1, 2017.
             Was the Champion of Trog.
             Slain by a bardiche of distortion (8 damage)
             ... on level 2 of the Elven Halls on Nov 2, 2017.
             The game lasted 01:55:48 (25628 turns).

HammerPanzer the Minotaur Blade (MiBe)             Turns: 25628, Time: 01:55:49

Health: -4/160     AC: 19    Str: 27    XL:     16   Next: 13%
Magic:  15/15      EV: 11    Int: 12    God:    Trog [******]
Gold:   1033       SH:  6    Dex: 16    Spells: 15/15 levels left

rFire    + + .     SeeInvis +   V - +9 demon blade "Hell-Harrower" {venom, Str+2 Int+3 SInv}
rCold    . . .     Gourm    .   I - +2 buckler {AC+3}
rNeg     . . .     Faith    .   v - +3 scale mail {rF+}
rPois    +         Spirit   .   D - +2 hat
rElec    .         Reflect  .   R - scarf {repulsion}
rCorr    .         Harm     .   d - +2 pair of gloves {Dex+3}
MR       +....                  b - +1 pair of boots of Inaction {Slay+3 SInv}
Stlth    ..........             (no amulet)
Regen    0.4/turn               h - ring of protection from fire
MPRegen  0.2/turn               o - ring of poison resistance

@: about to teleport, berserk cooldown, slowed, drained, repel missiles, very
slow
A: retaliatory headbutt, horns 2, clever 2, screaming 1, MP-powered wands
a: Berserk, Trog's Hand, Brothers in Arms, Burn Spellbooks, Renounce Religion


You were on level 2 of the Elven Halls.
You worshipped Trog.
Trog was exalted by your worship.
You were very hungry.

You visited 4 branches of the dungeon, and saw 23 of its levels.
You also visited: Ice Cave.

You collected 2585 gold pieces.
You spent 1552 gold pieces at shops.

Inventory:

Hand Weapons
 f - a +3 long sword of holy wrath
 y - a +3 scimitar of flaming
 A - a +4 great sword of draining
 F - a +5 scimitar of draining
 H - a +1 long sword of flaming
 M - a +5 antimagic triple sword
 U - a +3 great sword of holy wrath
 V - the +9 demon blade "Hell-Harrower" (weapon) {venom, Str+2 Int+3 SInv}
   (You found it in an ice cave)

   It poisons the flesh of those it strikes.
   It affects your strength (+2).
   It affects your intelligence (+3).
   It lets you see invisible.
Missiles
 g - 9 silver tomahawks
 J - 8 poisoned tomahawks (quivered)
Armour
 b - the +1 pair of boots of Inaction (worn) {Slay+3 SInv}
   (You found it on level 4 of the Dungeon)

   It affects your accuracy and damage with ranged weapons and melee attacks
   (+3).
   It lets you see invisible.
 d - a +2 pair of gloves of dexterity (worn)
 j - +0 ice dragon scales
 k - a +1 buckler of cold resistance
 v - a +3 scale mail of fire resistance (worn)
 w - a +2 cloak of invisibility
 D - a +2 hat (worn)
 I - a +2 buckler of protection (worn)
 R - a scarf of repulsion (worn)
Jewellery
 h - a ring of protection from fire (left hand)
 o - a ring of poison resistance (right hand)
 L - an uncursed amulet of magic regeneration
Wands
 a - a wand of flame (43/48)
 z - a wand of polymorph (17/24)
 G - a wand of scattershot (3/9)
 K - a wand of lightning (11/15)
 N - a wand of paralysis (21/24)
 O - a wand of disintegration (12/24)
 P - a wand of clouds (2/9)
 T - a wand of acid (10/15)
Scrolls
 e - a scroll of teleportation
 m - a scroll of magic mapping
 q - 2 scrolls of fog
 s - 10 scrolls of remove curse
 W - a scroll of holy word
 X - 3 scrolls of identify
Potions
 l - 9 potions of curing
 n - 2 potions of flight
 p - 4 potions of cancellation
 r - a potion of lignification
 t - 5 potions of brilliance
 u - 2 potions of invisibility
 x - 7 potions of agility
 B - a potion of might
 C - a potion of heal wounds
 E - 3 potions of haste
 Y - 2 potions of resistance
Miscellaneous
 Q - a sack of spiders
Comestibles
 c - 20 bread rations
 i - 5 meat rations
 S - 12 royal jellies


   Skills:
 * Level 19.0(17.5) Fighting
 - Level 25.0(23.3) Long Blades
 - Level 2.4(1.4) Armour
 + Level 3.1(2.1) Dodging
 + Level 2.3(1.3) Shields


You had 15 spell levels left.
You didn't know any spells.

Dungeon Overview and Level Annotations

Branches:
Dungeon (15/15)            Temple (0/1) D:6            Lair (4/6) D:8
  Swamp (0/4) Lair:4        Snake (0/4) Lair:4          Orc (2/2) D:10
    Elf (2/3) Orc:2        Vaults (0/5) D:13         Depths (0/5) D:15

Altars:
Elyvilon
Fedhas
Kikubaaqudgha
Makhleb
Nemelex Xobeh
Okawaru
Sif Muna
Trog
Uskayaw
Zin
Beogh

Shops:
D:8 [   Orc:1 (   Orc:2 **=:}   Elf:1 ?   Elf:2 %


Innate Abilities, Weirdness & Mutations

You reflexively headbutt those who attack you in melee.
You have a pair of horns on your head.
Your mind is very acute. (Int +4)
You occasionally shout uncontrollably at your foes.
You expend magic power (3 MP) to strengthen your wands.


Message History

There is a hand axe of distortion.
There is a bardiche of distortion.
There is a flail of draining.
There is a short sword of protection.
There is a dire flail of crushing.
You shout at the flail of draining!
You see here an arrow.
As you read the scroll of teleportation, it crumbles to dust.
You feel strangely unstable.
You hear a shout! x2
The hand axe of distortion hits you.
* * * LOW HITPOINT WARNING * * *
Space bends around you.
* * * LOW HITPOINT WARNING * * *
The deep elf mage casts a spell.
The deep elf mage blinks!
The deep elf knight shoots an arrow.
The arrow misses you.
The hand axe of distortion hits you but does no damage.
Space bends around you.
* * * LOW HITPOINT WARNING * * *
The deep elf mage mumbles some strange words.
The deep elf mage blinks!
The bardiche of distortion hits you from afar!
You die...

.. .... #.
.... ##..
e.... #..*
..... #..e.
...... #...#
#......
##...(#.......
#...(.@.......
#.......§.....
##.§(e..4(...e
#.............
#.............
##....#.(.....
#...# #......
..e. ......


You could see an orange demon, a deep elf knight, 4 deep elf magi, 5 dancing
weapons and a battlesphere.

Vanquished Creatures
  2 Ice Fiends (IceCv)
  Rupert (D:15)
  Gastronok (D:8)
  An orc warlord (Elf:2)
  A deep elf elementalist (Elf:1)
  Azrael (D:15)
  A deep elf death mage (Elf:1)
  A fire dragon (D:15)
  Snorg (Orc:1)
  Josephine (Lair:4)
  2 ogre magi (D:15)
  The ghost of Regeox the Cleaver, a journeyman HOGl of Okawaru (Orc:1)
  5 hydras
  2 ice dragons (D:15)
  2 centaur warriors
  15 two-headed ogres
  A catoblepas (Lair:4)
  3 dancing weapons
  Urug (D:13)
  2 death knights
  3 orc high priests (Orc:2)
  4 deep elf knights (Elf:1)
  4 unseen horrors
  A wizard (D:15)
  2 deep elf archers (Elf:1)
  4 orc knights (Orc:2)
  6 orc sorcerers
  An oklob plant (Lair:1)
  3 cyclopes
  5 ugly things (D:14)
  4 manticores
  28 deep elf magi
  3 slime creatures (D:15)
  3 ice statues
  5 elephants (Lair:2)
  2 black mambas
  6 spiny frogs
  An efreet (D:14)
  6 komodo dragons
  13 ice devils (IceCv)
  6 meliai (D:15)
  2 tengu conjurers
  A queen bee (D:15)
  Prince Ribbit (D:6)
  8 trolls
  A hornet (D:13)
  9 hippogriffs
  Grinder (D:3)
  12 blink frogs
  2 air elementals
  3 vampires
  A centaur simulacrum (D:14)
  A water elemental (Elf:1)
  A shadow (D:14)
  A tarantella (shapeshifter) (D:15)
  5 wyverns
  39 yaks
  6 wraiths
  A spriggan (D:7)
  A basilisk (D:8)
  3 hungry ghosts
  A fire elemental (D:15)
  16 humans (D:13)
  4 vampire mosquitoes (D:13)
  2 wargs
  2 nagas (Lair:4)
  A soldier ant (D:12)
  Edmund (D:4)
  5 hell hounds (D:15)
  4 water moccasins
  10 porcupines
  6 phantoms
  2 sky beasts
  4 black bears
  A necrophage (D:10)
  25 orc warriors
  An eye of draining (D:14)
  3 ice beasts
  20 ogres
  2 wolves (D:8)
  10 crocodiles
  A big kobold (D:7)
  26 bullfrogs
  An earth elemental (Elf:2)
  8 scorpions
  33 killer bees
  4 wights (D:12)
  An electric eel (Lair:2)
  5 howler monkeys
  8 crimson imps
  4 centaur zombies
  3 bullfrog zombies
  5 hounds
  3 jellies
  18 orc priests
  2 bullfrog skeletons
  A gnoll shaman (D:9)
  34 orc wizards
  Jessica (D:3)
  6 centaur skeletons
  6 iguanas
  12 worker ants
  2 killer bee zombies
  3 hound skeletons
  7 gnolls
  9 adders
  2 howler monkey skeletons
  3 shadow imps
  4 white imps (IceCv)
  8 ufetubi (IceCv)
  An ooze (D:6)
  An adder zombie (D:9)
  3 worms
  An adder skeleton (D:8)
  2 dart slugs (D:1)
  7 leopard geckos
  105 orcs
  7 bats
  6 giant cockroaches
  6 goblins
  2 hobgoblins (D:2)
  4 jackals (D:10)
  5 quokkas
  3 frilled lizards
  11 kobolds
  A quokka skeleton (D:10)
  5 rats
  A plant (Lair:1)
765 creatures vanquished.

Vanquished Creatures (others)
  An unseen horror (D:13)
  3 white imps (IceCv)
  3 ufetubi (IceCv)
  3 fungi (Lair:1)
  A plant (Lair:4)
11 creatures vanquished.

Grand Total: 776 creatures vanquished

Notes
Turn   | Place    | Note
-------+----------+-------------------------------------------
     0 | D:1      | HammerPanzer the Minotaur Berserker began the quest for the Orb.
     0 | D:1      | Reached XP level 1. HP: 19/19 MP: 0/0
   197 | D:1      | Reached XP level 2. HP: 24/27 MP: 1/1
   268 | D:1      | Reached skill level 4 in Long Blades
   638 | D:2      | Found a white marble altar of Elyvilon.
   884 | D:2      | Reached XP level 3. HP: 33/33 MP: 2/2
  1056 | D:2      | Reached ** piety under Trog
  1444 | D:3      | Noticed Jessica
  1456 | D:3      | Killed Jessica
  1456 | D:3      | Reached skill level 5 in Long Blades
  1456 | D:3      | Reached XP level 4. HP: 39/41 MP: 3/3
  1461 | D:3      | HP: 1/41 [orc (4)]
  1796 | D:3      | Reached skill level 5 in Fighting
  2073 | D:3      | Reached XP level 5. HP: 48/48 MP: 4/4
  2193 | D:3      | Noticed Grinder
  2206 | D:3      | Killed Grinder
  2206 | D:3      | Reached skill level 7 in Long Blades
  2206 | D:3      | Reached XP level 6. HP: 25/57 MP: 5/5
  2520 | D:4      | Found a bloodstained altar of Trog.
  2535 | D:4      | Got a pair of steaming boots
  2541 | D:4      | Identified the +1 pair of boots of Inaction {Slay+3 SInv} (You found it on level 4 of the Dungeon)
  2734 | D:4      | Noticed Edmund
  2744 | D:4      | Reached *** piety under Trog
  2751 | D:4      | Killed Edmund
  2751 | D:4      | Reached skill level 8 in Long Blades
  2751 | D:4      | Reached XP level 7. HP: 56/64 MP: 6/6
  3450 | D:5      | Entered Level 5 of the Dungeon
  3477 | D:5      | Reached skill level 9 in Long Blades
  3558 | D:5      | Found an ancient bone altar of Kikubaaqudgha.
  3558 | D:5      | Found a faded altar of an unknown god.
  3566 | D:5      | Found a sparkling altar of Nemelex Xobeh.
  3568 | D:5      | Found a hide-covered altar of Uskayaw.
  3569 | D:5      | Found a faded altar of an unknown god.
  3675 | D:5      | Found a white marble altar of Elyvilon.
  3955 | D:5      | Reached XP level 8. HP: 67/73 MP: 7/7
  4067 | D:5      | Found a sparkling altar of Nemelex Xobeh.
  4362 | D:6      | Found a burning altar of Makhleb.
  4486 | D:6      | Found a blossoming altar of Fedhas.
  4491 | D:6      | Reached skill level 10 in Long Blades
  4686 | D:6      | Found a staircase to the Ecumenical Temple.
  4687 | D:6      | Noticed Prince Ribbit
  4703 | D:6      | Killed Prince Ribbit
  4703 | D:6      | Reached skill level 11 in Long Blades
  5195 | D:7      | Reached XP level 9. HP: 81/83 MP: 8/8
  5207 | D:7      | Reached **** piety under Trog
  5240 | D:7      | Reached skill level 12 in Long Blades
  5923 | D:7      | Reached skill level 10 in Fighting
  6064 | D:7      | You fall through a shaft for 2 floors!
  6159 | D:8      | Reached skill level 13 in Long Blades
  6272 | D:8      | Found a staircase to the Lair.
  6275 | D:8      | Reached XP level 10. HP: 94/94 MP: 9/9
  6540 | D:8      | Found Eziodora's Antique Armour Emporium.
  6559 | D:8      | Noticed a two-headed ogre
  6576 | D:8      | Killed a two-headed ogre
  6576 | D:8      | Reached skill level 14 in Long Blades
  6808 | D:8      | Noticed Gastronok
  6823 | D:8      | Killed Gastronok
  6823 | D:8      | Reached skill level 15 in Long Blades
  7457 | D:9      | Gained mutation: Your mind is acute. (Int +2) [mutagenic meat]
  7458 | D:9      | Gained mutation: Scrolls take you a little longer to read. [mutagenic meat]
  7459 | D:9      | Lost mutation: Scrolls take you a little longer to read. [mutagenic meat]
  7460 | D:9      | Gained mutation: Your spells are a little easier to cast, but a little less powerful. [mutagenic meat]
  7677 | D:9      | Found a deep blue altar of Sif Muna.
  7698 | D:9      | Reached ***** piety under Trog
  7705 | D:9      | Received a gift from Trog
  7810 | D:9      | Reached XP level 11. HP: 104/104 MP: 10/10
  8327 | D:10     | Entered Level 10 of the Dungeon
  8488 | D:10     | Reached skill level 16 in Long Blades
  8787 | D:10     | Found a roughly hewn altar of Beogh.
  8809 | D:10     | Received a gift from Trog
  9023 | D:10     | Found a staircase to the Orcish Mines.
  9107 | D:10     | Found a roughly hewn altar of Beogh.
  9485 | D:11     | Noticed an unseen horror
  9493 | D:11     | Killed an unseen horror
  9552 | D:11     | Reached skill level 17 in Long Blades
  9798 | D:11     | Received a gift from Trog
 10193 | D:12     | Lost mutation: Your mind is acute. (Int +2) [mutagenic meat]
 10194 | D:12     | Gained mutation: You have a somewhat thin skeletal structure. (Dex +2, Stealth) [mutagenic meat]
 10198 | D:12     | Gained mutation: Your natural rate of healing is unusually fast. [mutagenic meat]
 10542 | D:12     | Noticed an unseen horror
 10544 | D:12     | Killed an unseen horror
 10580 | D:13     | Found a gate to the Vaults.
 10580 | D:13     | Noticed Urug
 10580 | D:13     | Noticed a two-headed ogre
 10580 | D:13     | Noticed a centaur warrior
 10580 | D:13     | Noticed an unseen horror
 10832 | D:13     | Paralysed by a hornet for 1 turns
 10935 | D:13     | Reached XP level 12. HP: 113/113 MP: 3/11
 10944 | D:13     | Reached skill level 18 in Long Blades
 10961 | D:13     | Killed Urug
 10987 | D:13     | Killed a centaur warrior
 11140 | D:13     | Killed a two-headed ogre
 11202 | D:13     | Reached skill level 19 in Long Blades
 11518 | D:13     | Found an iron altar of Okawaru.
 11615 | D:13     | Noticed a two-headed ogre
 11622 | D:13     | Killed a two-headed ogre
 11734 | D:13     | Noticed a death knight
 11740 | D:13     | Killed a death knight
 11937 | D:14     | Noticed a death knight
 11949 | D:14     | Killed a death knight
 12051 | D:14     | Reached XP level 13. HP: 125/125 MP: 4/12
 12096 | D:14     | Reached skill level 20 in Long Blades
 12108 | D:14     | Reached skill level 15 in Fighting
 12551 | D:14     | Reached ****** piety under Trog
 12560 | D:14     | Lost mutation: Your spells are a little easier to cast, but a little less powerful. [mutagenic meat]
 12765 | D:14     | Received a gift from Trog
 12883 | D:14     | Gained mutation: You are weak. (Str -2) [mutagenic meat]
 12885 | D:14     | Gained mutation: You are robust. (+10% HP) [mutagenic meat]
 12947 | D:15     | Entered Level 15 of the Dungeon
 13054 | D:15     | Noticed Rupert
 13062 | D:15     | Reached skill level 21 in Long Blades
 13069 | D:15     | Killed Rupert
 13219 | D:15     | Noticed Azrael
 13521 | D:15     | Killed Azrael
 13574 | D:15     | Reached XP level 14. HP: 150/150 MP: 4/13
 13825 | D:15     | Received a gift from Trog
 13831 | D:15     | Paralysed by a wizard for 5 turns
 13864 | D:15     | Lost mutation: Your natural rate of healing is unusually fast. [potion of mutation]
 13864 | D:15     | Lost mutation: You are weak. (Str -2) [potion of mutation]
 13864 | D:15     | Lost mutation: You are robust. (+10% HP) [potion of mutation]
 13864 | D:15     | Gained mutation: You are weak. (Str -2) [potion of mutation]
 13864 | D:15     | Gained mutation: You are partially covered in large bone plates. (SH +4) [potion of mutation]
 13865 | D:15     | Lost mutation: You are partially covered in large bone plates. (SH +4) [potion of mutation]
 13865 | D:15     | Lost mutation: You are weak. (Str -2) [potion of mutation]
 13865 | D:15     | Lost mutation: You have a somewhat thin skeletal structure. (Dex +2, Stealth) [potion of mutation]
 13865 | D:15     | Gained mutation: You expend magic power (3 MP) to strengthen your wands. [potion of mutation]
 13865 | D:15     | Gained mutation: Your mind is acute. (Int +2) [potion of mutation]
 13865 | D:15     | Gained mutation: Your mind is very acute. (Int +4) [potion of mutation]
 14448 | D:15     | Reached skill level 22 in Long Blades
 14666 | D:15     | Found a staircase to the Depths.
 15122 | D:8      | Bought a glowing cloak for 232 gold pieces
 15122 | D:8      | Bought a runed plate armour for 806 gold pieces
 15175 | Lair:1   | Entered Level 1 of the Lair of Beasts
 15510 | Lair:1   | Received a gift from Trog
 16732 | Lair:2   | Reached skill level 23 in Long Blades
 17625 | Lair:3   | Found a glowing silver altar of Zin.
 17803 | Lair:3   | Got a glittering steel ring
 18552 | Lair:4   | Found a staircase to the Swamp.
 18553 | Lair:4   | Identified the ring of Zoehesep {Wiz rElec rPois rC-} (You found it on level 3 of the Lair of Beasts)
 18595 | Lair:4   | Found a staircase to the Snake Pit.
 18884 | Lair:4   | Received a gift from Trog
 18884 | Lair:4   | Reached XP level 15. HP: 138/147 MP: 14/14
 19085 | Lair:4   | Noticed Josephine
 19402 | Lair:4   | Killed Josephine
 19822 | Orc:1    | Entered Level 1 of the Orcish Mines
 19828 | Orc:1    | Noticed Regeox's ghost (journeyman HOGl)
 19838 | Orc:1    | Killed Regeox's ghost
 20084 | Orc:1    | Found Hahe's Antique Weapon Emporium.
 20252 | Orc:1    | Noticed Snorg
 20263 | Orc:1    | Killed Snorg
 20275 | Orc:1    | Paralysed by an orc sorcerer for 6 turns
 20708 | Orc:2    | Entered Level 2 of the Orcish Mines
 20816 | Orc:1    | Received a gift from Trog
 21026 | Orc:2    | Found Roax Tit's Gadget Shop.
 21143 | Orc:2    | Found a staircase to the Elven Halls.
 21941 | Orc:2    | Reached skill level 24 in Long Blades
 22002 | Orc:2    | Found Uculloex's Book Shoppe.
 22002 | Orc:2    | Found Atoseqew's Assorted Antiques.
 22004 | Orc:2    | Found Liddurog's Jewellery Shop.
 22004 | Orc:2    | Found Sir Gehu's General Store.
 22237 | Orc:2    | Bought a +2 pair of gloves of dexterity for 258 gold pieces
 22349 | Elf:1    | Entered Level 1 of the Elven Halls
 22437 | Elf:1    | Found a frozen archway.
 22457 | IceCv    | Entered an ice cave
 22607 | IceCv    | Received a gift from Trog
 22812 | IceCv    | Noticed an Ice Fiend
 22813 | IceCv    | Noticed an Ice Fiend
 23278 | IceCv    | Killed an Ice Fiend
 23283 | IceCv    | Killed an Ice Fiend
 23436 | IceCv    | Got a slimy demon blade
 23795 | IceCv    | Identified the +9 demon blade "Hell-Harrower" {venom, Str+2 Int+3 SInv} (You found it in an ice cave)
 24334 | Elf:1    | Gained mutation: You occasionally shout uncontrollably at your foes. [a neqoxec]
 24544 | Elf:1    | Reached skill level 25 in Long Blades
 24544 | Elf:1    | Reached XP level 16. HP: 137/159 MP: 15/15
 24572 | Elf:1    | Found Dudeon's Magic Scroll Emporium.
 24724 | Elf:1    | Bought a scroll of identify for 38 gold pieces
 24724 | Elf:1    | Bought a scroll of enchant weapon for 142 gold pieces
 24724 | Elf:1    | Bought a scroll of identify for 38 gold pieces
 24724 | Elf:1    | Bought a scroll of identify for 38 gold pieces
 25035 | Elf:2    | Reached skill level 1 in Shields
 25071 | Elf:2    | Found Zomeept's Food Boutique.
 25611 | Elf:2    | Found a roughly hewn altar of Beogh.
 25628 | Elf:2    | HP: 8/160 [hand axe of distortion (4)]
 25628 | Elf:2    | Slain by a bardiche of distortion

Skill      XL: |  1  2  3  4  5  6  7  8  9 10 11 12 13 14 15 16 |
---------------+-------------------------------------------------+-----
Fighting       | 4 5 6 7 9 10 12 13 14 16 17 18 19 | 19.0
Long Blades    | 4 5 7 8 9 11 13 15 17 19 21 23 25 | 25.0
Shields        | 2 |  2.3
Dodging        | 3 |  3.1
Armour         | |  2.4

Action                   |  1- 3 |  4- 6 |  7- 9 | 10-12 | 13-15 | 16-18 || total
-------------------------+-------+-------+-------+-------+-------+-------++-------
Melee: Falchion          |    53 |    88 |   229 |    28 |       |       ||   398
       Headbutt          |    10 |    17 |    53 |   122 |   248 |     8 ||   458
       Great sword       |       |       |       |   156 |    66 |       ||   222
       Triple sword      |       |       |       |    89 |       |       ||    89
       Scimitar          |       |       |       |   266 |   740 |       ||  1006
       Demon blade       |       |       |       |       |    72 |    37 ||   109
Throw: Tomahawk          |       |       |     4 |     7 |    73 |       ||    84
Invok: Berserk           |     2 |     3 |     2 |    14 |    25 |     1 ||    47
       Burn Spellbooks   |       |       |       |     3 |     4 |       ||     7
  Use: Scroll            |       |    12 |     5 |    20 |    25 |     5 ||    67
       Potion            |       |       |       |     1 |     7 |       ||     8
  Eat: Chunk             |     3 |     7 |    13 |    42 |    47 |     4 ||   116
       Royal jelly       |       |       |       |     2 |     7 |       ||     9
       Fruit             |       |       |       |       |     9 |       ||     9
Armor: Animal skin       |    18 |     3 |       |       |       |       ||    21
       Ring mail         |       |    31 |    30 |       |       |       ||    61
       Scale mail        |       |       |    62 |   236 |   457 |    10 ||   765
       Ice dragon scales |       |       |       |       |    52 |       ||    52
Dodge: Dodged            |    42 |    51 |   106 |   200 |   375 |    12 ||   786
       Deflected         |       |       |       |       |    20 |       ||    20
Block: Buckler           |       |       |     9 |    62 |   135 |    11 ||   217
       Rpst.: Falchion   |    10 |    11 |    36 |     2 |       |       ||    59
       Great sword       |       |       |       |    16 |     8 |       ||    24
       Triple sword      |       |       |       |    21 |       |       ||    21
       Scimitar          |       |       |       |    19 |    69 |       ||    88
       Demon blade       |       |       |       |       |     6 |     3 ||     9
